Map: 2000 Atmospheres LE

Players

MaDsVbK

  • Race: Protoss Protoss

FliP - Winner!

  • Race: Protoss Protoss
  • League: Gold

VOD

Have the link to the VOD?

Description

Time

  • Played on: May 24, 2021, 9:33 a.m.
  • Length: 5:58
Show
View Real Time Build Order
Export as new Build Order

MaDsVbK Protoss 

Build Orders:  

Get SALT Encoding   

  12  0:12  Probe  
  13  0:18  Pylon  
  13  0:24  Probe  
  14  0:36  Probe  
  15  0:43  Gateway  
  15  0:48  Probe  
  16  0:55  Assimilator  
  16  1:00  Assimilator, Probe  
  17  1:12  Probe  
  18  1:19  Gateway  
  18  1:24  Probe  
  19  1:33  Cybernetics Core  
  18  1:42  Pylon  
  18  1:58  Probe  
  19  2:11  Warp Gate (Chrono Boost)  
  19  2:36  Zealot (Chrono Boost)  
  21  2:39  Probe  
  22  2:51  Probe  
  23  3:03  Probe  
  23  3:15  Probe  
  24  3:33  Stargate  
  24  3:38  Zealot  
  26  4:01  Pylon  
  26  4:07  Zealot  
  28  4:15  Probe  
  29  4:27  Probe  
  29  4:29  Nexus  
  28  4:40  Oracle, Probe  
  30  4:47  Pylon  
  30  4:52  Probe  
  29  5:04  Probe  
  29  5:10  Sentry x2  
  30  5:41  Adept x2  
Show
View Real Time Build Order
Export as new Build Order

FliP Protoss - Winner!

Build Orders: 1 Gate Expand, Blink Stalkers 

Get SALT Encoding   

  12  0:01  Probe  
  13  0:13  Probe  
  14  0:17  Pylon  
  14  0:25  Probe  
  15  0:37  Probe (Chrono Boost)  
  15  0:38  Gateway  
  16  0:45  Assimilator  
  16  0:49  Probe (Chrono Boost)  
  18  0:57  Probe (Chrono Boost)  
  18  1:03  Probe  
  19  1:15  Probe  
  20  1:25  Cybernetics Core  
  20  1:27  Probe  
  21  1:41  Nexus  
  21  1:47  Pylon  
  21  1:52  Probe  
  22  1:56  Assimilator  
  22  1:57  Stalker  
  22  1:58  Warp Gate (Chrono Boost)  
  24  2:20  Pylon  
  24  2:21  Probe  
  25  2:36  Stalker  
  27  2:40  Probe  
  28  2:50  Twilight Council  
  28  2:54  Probe x2  
  30  3:00  Gateway  
  30  3:12  Gateway  
  30  3:15  Probe (Chrono Boost)  
  30  3:18  Probe (Chrono Boost)  
  32  3:23  Blink (Chrono Boost)  
  32  3:26  Probe (Chrono Boost)  
  33  3:31  Probe (Chrono Boost)  
  34  3:36  Probe  
  36  3:41  Probe  
  36  3:48  Gateway  
  36  3:50  Probe  
  36  3:53  Stalker  
  36  3:55  Stalker  
  41  4:06  Pylon  
  41  4:07  Stalker  
  43  4:14  Probe x2  
  45  4:21  Pylon  
  45  4:25  Robotics Facility  
  45  4:27  Stalker  
  45  4:28  Stalker  
  49  4:37  Stalker  
  51  4:42  Stalker  
  53  4:57  Forge, Probe  
  53  4:58  Probe  
  55  5:03  Stalker x2  
  55  5:04  Stalker  
Tags
 
Add a new tag
Caveats
  • Supply blocks, unpowered buildings, or Contaminate may cause inaccurate times.
  • Supply counts are checked every 10 seconds.